Map: Ice and Chrome LE

Players

Astrea

  • Race: Protoss Protoss
  • Spawn Location: 7:00

Neeb - Winner!

  • Race: Protoss Protoss
  • Spawn Location: 1:00

Event: DreamHack SC2 Masters 2020 Summer North America

VOD

Have the link to the VOD?

Description

Time

  • Played on: July 12, 2020, 5:43 p.m.
  • Length: 21:40

All games in this series

Show
View Real Time Build Order
Export as new Build Order

Astrea Protoss 

Build Orders: Zealot Archon 

Get SALT Encoding   

  12  0:00  Probe  
  13  0:12  Probe  
  14  0:17  Pylon  
  14  0:23  Probe  
  15  0:32  Probe  
  15  0:36  Gateway  
  15  0:40  Probe  
  16  0:46  Assimilator  
  17  0:51  Probe  
  17  0:54  Assimilator  
  18  0:59  Probe  
  19  1:06  Gateway  
  19  1:07  Probe  
  19  1:17  Probe  
  20  1:23  Cybernetics Core  
  21  1:31  Pylon  
  21  1:34  Probe  
  22  1:46  Probe  
  23  1:49  Warp Gate  
  23  1:58  Probe  
  23  1:59  Stalker  
  26  2:10  Sentry  
  26  2:11  Probe  
  29  2:17  Pylon  
  29  2:24  Probe  
  30  2:36  Probe  
  31  2:43  Sentry, Nexus  
  32  2:45  Sentry  
  32  2:48  Probe  
  35  2:54  Pylon  
  35  3:00  Probe  
  36  3:08  Pylon  
  37  3:12  Probe  
  37  3:14  Shield Battery  
  37  3:24  Probe  
  37  3:27  Robotics Facility  
  38  3:36  Probe  
  38  3:41  Stalker x2  
  43  3:44  Probe  
  44  3:53  Stargate  
  44  3:55  Probe  
  44  3:56  Probe  
  46  4:08  Probe  
  46  4:09  Stalker  
  49  4:11  Probe  
  50  4:17  Stalker  
  50  4:21  Probe  
  50  4:22  Shield Battery  
  53  4:25  Probe  
  54  4:31  Shield Battery  
  53  4:38  Probe  
  53  4:40  Phoenix  
  53  4:41  Stalker  
  53  4:44  Stalker  
  58  4:49  Probe  
  60  4:53  Probe  
  61  5:01  Probe  
  61  5:06  Probe  
  61  5:14  Probe  
  62  5:21  Pylon, Probe  
  61  5:25  Assimilator  
  61  5:26  Probe  
  61  5:27  Assimilator  
  62  5:33  Forge  
  62  5:34  Twilight Council  
  62  5:35  Probe, Pylon  
  62  5:37  Pylon  
  62  5:39  Observer, Probe  
  65  5:44  Probe  
  66  5:50  Gateway  
  66  5:51  Probe  
  66  5:53  Gateway  
  66  5:55  Probe  
  66  5:56  Protoss Ground Weapons Level 1  
  69  6:04  Probe  
  69  6:09  Immortal  
  70  6:13  Gateway  
  70  6:17  Charge  
  73  6:18  Gateway  
  73  6:30  Gateway  
  73  6:31  Gateway  
  73  6:35  Templar Archives  
  73  6:49  Immortal  
  73  6:50  Zealot x4  
  81  6:55  Observer  
  85  7:06  Pylon x2  
  85  7:07  Pylon  
  84  7:23  Warp Prism  
  84  7:25  High Templar  
  84  7:26  High Templar  
  84  7:27  Zealot x2  
  84  7:29  Archon  
  92  7:32  High Templar x2  
  92  7:36  Archon  
  98  7:47  Pylon  
  94  7:53  Pylon  
  94  7:57  Observer  
  94  7:58  Nexus  
  94  8:10  Zealot x4  
  102  8:19  Observer  
  92  8:31  High Templar x2, Zealot  
  92  8:32  Zealot x5  
  108  8:34  Probe x2  
  108  8:37  Pylon  
  108  8:38  Archon  
  110  8:44  Pylon  
  110  8:45  Pylon  
  108  8:56  Probe x2  
  100  9:14  Zealot x4  
  100  9:15  Zealot x3  
  114  9:19  Protoss Ground Weapons Level 2  
  114  9:21  Probe x2  
  110  9:28  Probe  
  99  9:32  Immortal  
  99  9:33  Probe x2  
  91  9:40  Probe  
  90  9:45  Probe  
  90  9:47  High Templar x4  
  90  9:48  Phoenix  
  90  9:50  Probe  
  90  9:51  Archon  
  90  9:52  Archon, Probe  
  103  10:00  Blink  
  103  10:04  Assimilator  
  103  10:05  Assimilator  
  103  10:09  Warp Prism  
  101  10:17  High Templar x2, Zealot x2  
  101  10:21  Archon  
  111  10:25  Zealot x2  
  112  10:31  Phoenix  
  112  10:33  Probe x3  
  114  10:42  Zealot x2  
  118  10:45  Probe x3  
  121  10:52  High Templar  
  121  10:53  High Templar, Zealot x2  
  121  10:54  Phoenix  
  129  10:57  Photon Cannon  
  129  11:11  Phoenix  
  127  11:20  Archon  
  127  11:21  Pylon  
  127  11:25  Stargate  
  127  11:26  Observer  
  127  11:31  Photon Cannon  
  127  11:32  Photon Cannon  
  128  11:33  Phoenix  
  128  11:34  Zealot  
  128  11:35  Zealot x3  
  128  11:38  Protoss Air Weapons Level 1  
  138  11:50  Immortal  
  142  11:59  Nexus  
  142  12:03  Phoenix x2  
  144  12:16  High Templar x2  
  144  12:21  Archon  
  144  12:22  Pylon  
  148  12:23  Zealot x3  
  154  12:30  High Templar  
  154  12:32  Pylon  
  154  12:34  Pylon  
  150  12:42  High Templar  
  150  12:43  Zealot  
  146  12:47  Phoenix  
  146  12:48  Archon, Zealot x2  
  146  12:49  Zealot x3  
  146  12:50  Phoenix  
  160  13:07  Photon Cannon  
  160  13:18  Nexus  
  157  13:26  Phoenix  
  159  13:31  Assimilator  
  159  13:32  Assimilator  
  157  13:50  Pylon  
  157  13:54  High Templar x6  
  167  14:08  Zealot x2  
  156  14:11  Archon x3  
  156  14:12  Probe  
  156  14:13  Phoenix x2, Probe x2  
  141  14:20  Probe  
  145  14:25  Probe x2  
  145  14:28  Probe  
  145  14:30  Zealot x3  
  152  14:34  Probe  
  152  14:37  Probe x2  
  156  14:39  Probe  
  156  14:44  Observer  
  149  14:57  Probe  
  130  15:02  Probe x3  
  130  15:04  Phoenix x2  
  131  15:09  Probe  
  122  15:20  Probe x2  
  118  15:22  Zealot x8  
  118  15:26  Protoss Ground Weapons Level 3  
  118  15:28  Probe x2  
  132  15:32  Phoenix x2, Probe  
  133  15:44  Observer  
  133  15:54  Robotics Bay  
  133  15:56  Robotics Facility  
  133  15:59  Immortal  
  133  16:07  Photon Cannon  
  133  16:10  Photon Cannon  
  137  16:12  Shield Battery  
  137  16:18  High Templar x2, Zealot  
  137  16:19  Zealot x4  
  137  16:22  Archon  
  147  16:31  Photon Cannon  
  146  16:33  Photon Cannon  
  146  16:36  Photon Cannon, Colossus  
  146  16:40  Colossus  
  146  16:44  Extended Thermal Lance  
  158  17:08  High Templar x2, Zealot x5  
  162  17:11  Shield Battery  
  162  17:12  Archon  
  172  17:29  Colossus  
  172  17:30  Nexus  
  178  17:37  Observer  
  177  17:48  Colossus, Probe  
  177  17:49  Probe  
  177  17:50  Pylon  
  179  17:53  High Templar, Pylon  
  179  17:54  High Templar  
  188  17:59  Archon  
  179  18:20  Zealot x6  
  188  18:36  Photon Cannon  
  188  18:38  Photon Cannon  
  188  18:40  Shield Battery  
  188  18:49  Zealot x6  
  200  18:59  Fleet Beacon  
  200  19:01  Stargate  
  200  19:03  Assimilator x2  
  198  19:31  Zealot  
  200  19:36  Observer  
  192  19:40  Zealot x4  
  199  19:59  Pylon  
  199  20:01  Pylon  
  199  20:03  Pylon  
  199  20:05  Pylon  
  199  20:07  Pylon  
  193  20:15  Oracle  
  193  20:18  Observer  
  190  20:23  Disruptor, Cybernetics Core  
  190  20:27  Disruptor  
  186  20:43  Zealot x5  
  186  20:44  Zealot  
  186  20:48  Pylon  
  191  20:53  Disruptor  
  183  21:03  Disruptor  
  158  21:12  Stalker x6  
  127  21:35  Stalker x3  
Show
View Real Time Build Order
Export as new Build Order

Neeb Protoss - Winner!

Build Orders: Oracle Opening 

Get SALT Encoding   

  12  0:00  Probe  
  13  0:12  Probe  
  14  0:17  Pylon  
  14  0:24  Probe  
  15  0:32  Probe  
  15  0:38  Gateway  
  15  0:40  Probe  
  16  0:48  Assimilator  
  17  0:51  Probe  
  18  0:58  Assimilator  
  18  0:59  Probe  
  19  1:07  Probe  
  19  1:08  Gateway  
  19  1:17  Probe  
  21  1:27  Cybernetics Core  
  21  1:29  Probe  
  22  1:35  Pylon  
  22  1:41  Probe  
  23  1:53  Probe  
  24  2:03  Stalker x2  
  24  2:04  Warp Gate  
  28  2:16  Probe  
  28  2:19  Pylon  
  29  2:33  Stalker  
  29  2:36  Stalker  
  29  2:37  Probe  
  34  2:48  Stargate  
  33  3:06  Nexus  
  33  3:08  Probe  
  34  3:17  Probe  
  34  3:25  Probe  
  34  3:26  Oracle  
  35  3:29  Pylon  
  39  3:47  Probe  
  39  3:48  Twilight Council  
  40  3:58  Adept x2  
  40  3:59  Probe  
  45  4:10  Probe  
  45  4:15  Probe  
  46  4:17  Forge  
  46  4:18  Pylon  
  46  4:21  Probe  
  46  4:22  Sentry  
  49  4:24  Sentry  
  49  4:25  Probe  
  49  4:29  Probe  
  53  4:35  Probe  
  53  4:38  Blink  
  55  4:43  Probe  
  52  4:47  Probe  
  53  4:55  Probe  
  53  4:59  Probe  
  55  5:00  Protoss Ground Weapons Level 1, Assimilator  
  55  5:01  Pylon  
  53  5:07  Probe  
  53  5:11  Probe  
  53  5:14  Gateway  
  53  5:17  Gateway  
  53  5:19  Probe  
  53  5:20  Stalker x2  
  58  5:23  Probe  
  56  5:30  Pylon  
  56  5:45  Stalker x2, Pylon  
  60  5:56  Nexus, Pylon  
  60  5:57  Probe  
  60  5:59  Probe  
  60  6:03  Pylon  
  62  6:09  Probe  
  62  6:10  Stalker  
  65  6:12  Stalker  
  65  6:13  Probe  
  68  6:21  Probe  
  69  6:26  Probe  
  69  6:27  Stalker  
  69  6:30  Pylon  
  69  6:31  Stalker  
  74  6:34  Probe  
  75  6:40  Robotics Facility  
  75  6:46  Probe  
  77  6:51  Gateway x2  
  77  6:52  Pylon  
  77  6:53  Protoss Ground Weapons Level 2  
  76  6:55  Stalker  
  76  7:00  Stalker  
  80  7:03  Stalker  
  80  7:04  Probe x2  
  84  7:09  Shield Battery  
  84  7:12  Pylon  
  84  7:17  Sentry  
  84  7:20  Probe x3  
  89  7:26  Assimilator  
  89  7:29  Stalker  
  91  7:30  Stalker  
  91  7:31  Observer  
  91  7:34  Photon Cannon  
  92  7:49  Probe  
  92  7:50  Stalker x3  
  95  7:58  Shield Battery  
  95  7:59  Pylon  
  95  8:03  Assimilator  
  95  8:05  Stalker x2  
  95  8:06  Stalker  
  95  8:08  Probe  
  96  8:24  Stalker  
  96  8:25  Stalker x2  
  96  8:26  Probe  
  99  8:27  Probe x2  
  99  8:33  Pylon  
  101  8:35  Stalker x3  
  101  8:38  Shield Battery, Probe  
  101  8:40  Shield Battery, Probe  
  109  8:42  Photon Cannon, Probe  
  109  8:46  Assimilator  
  110  8:49  Robotics Bay  
  110  8:50  Probe  
  110  8:52  Probe  
  110  8:54  Probe  
  109  9:02  Probe  
  110  9:04  Probe  
  110  9:07  Robotics Facility  
  105  9:12  Stalker x4  
  105  9:15  Stalker  
  115  9:19  Stalker  
  99  9:31  Probe  
  99  9:35  Stalker, Disruptor  
  99  9:36  Stalker  
  97  9:38  Probe  
  97  9:39  Stalker x2, Pylon  
  97  9:40  Stalker  
  97  9:41  Probe  
  103  9:48  Disruptor  
  103  9:50  Photon Cannon  
  103  9:51  Stalker  
  108  9:54  Protoss Ground Weapons Level 3  
  111  10:03  Photon Cannon  
  111  10:10  Disruptor  
  114  10:17  Nexus  
  114  10:19  Disruptor  
  117  10:33  Probe x2  
  117  10:34  Probe  
  117  10:35  Pylon  
  120  10:37  Dark Shrine  
  120  10:40  Disruptor  
  120  10:45  Probe x2  
  125  10:53  Stalker x3  
  125  10:55  Photon Cannon  
  125  10:56  Pylon  
  131  11:03  Probe x2  
  133  11:05  Probe  
  133  11:08  Stalker  
  133  11:09  Stalker x2  
  140  11:15  Assimilator  
  140  11:21  Probe  
  140  11:23  Disruptor  
  140  11:24  Disruptor  
  140  11:25  Assimilator  
  140  11:26  Photon Cannon  
  140  11:30  Photon Cannon, Probe  
  141  11:33  Probe  
  141  11:38  Shadow Stride  
  148  11:44  Stalker x4  
  156  11:59  Stalker x2  
  158  12:05  Disruptor x2  
  164  12:10  Stalker x2  
  164  12:11  Stalker x2  
  172  12:17  Gateway  
  172  12:21  Oracle  
  172  12:22  Gateway  
  175  12:41  Protoss Shields Level 1  
  175  12:45  Photon Cannon  
  175  12:47  Photon Cannon  
  175  12:49  Photon Cannon  
  175  12:50  Shield Battery  
  175  12:51  Shield Battery  
  175  12:55  Nexus  
  175  12:56  Dark Templar x4  
  175  12:57  Dark Templar  
  185  12:59  Dark Templar  
  185  13:03  Pylon  
  177  13:29  Shield Battery  
  177  13:30  Dark Templar  
  177  13:31  Dark Templar x4, Shield Battery  
  177  13:32  Shield Battery  
  187  13:35  Photon Cannon, Shield Battery  
  177  14:13  Assimilator  
  163  14:17  Assimilator  
  163  14:19  Photon Cannon  
  163  14:20  Dark Templar x8  
  163  14:21  Photon Cannon  
  171  14:24  Photon Cannon  
  171  14:26  Photon Cannon  
  171  14:27  Shield Battery  
  171  14:28  Shield Battery  
  171  14:36  Pylon  
  159  14:38  Photon Cannon  
  159  14:42  Protoss Air Weapons Level 1  
  131  15:02  Stalker x3  
  131  15:03  Stalker x3  
  131  15:04  Stalker x2  
  143  15:12  Disruptor  
  143  15:13  Disruptor  
  131  15:35  Stalker x5  
  141  15:36  Stalker  
  141  15:37  Stalker  
  141  15:38  Stalker  
  147  15:45  Protoss Shields Level 2  
  147  15:48  Disruptor  
  148  15:51  Photon Cannon  
  148  15:53  Photon Cannon  
  148  15:59  Stalker x2  
  152  16:09  Dark Templar, Templar Archives  
  154  16:24  Stalker x5  
  164  16:27  Observer  
  164  16:28  Stalker x2  
  164  16:29  Gravitic Boosters  
  168  16:37  Observer x2  
  169  16:55  Fleet Beacon  
  169  16:57  Stargate x2  
  169  17:00  High Templar x2  
  169  17:01  High Templar x2  
  177  17:06  Archon x2  
  177  17:10  Photon Cannon  
  177  17:12  Photon Cannon  
  177  17:15  Photon Cannon  
  177  17:18  Mothership  
  177  17:20  Shield Battery  
  177  17:37  Protoss Air Weapons Level 2  
  177  17:41  Tempest x2  
  194  17:49  Tempest  
  199  17:58  Nexus  
  197  18:14  Tempest  
  189  18:25  Tempest x2  
  186  18:45  Pylon  
  186  18:46  Pylon  
  186  18:54  Dark Templar x6  
  198  19:05  Photon Cannon  
  198  19:06  Photon Cannon  
  198  19:08  Photon Cannon  
  196  19:27  Tempest  
  200  20:19  Nexus  
  195  20:50  Tempest  
  196  21:00  Pylon  
  185  21:21  Pylon  
  185  21:22  Dark Templar x4, Assimilator  
  185  21:25  Assimilator  
Tags
 
Add a new tag
Caveats
  • Supply blocks, unpowered buildings, or Contaminate may cause inaccurate times.
  • Supply counts are checked every 10 seconds.